 Dungeon Crawl Stone Soup version 0.31-a0-263-ge8cad7f256 (webtiles) character file.

Game seed: 17080582522029663978

58 qw the Shooter (level 4, -2/26 HPs)
             Began as a Gargoyle Hexslinger on July 13, 2023.
             Slain by Grinder (8 damage)
             ... on level 3 of the Dungeon.
             The game lasted 00:00:46 (1948 turns).

qw the Shooter (Gargoyle Hexslinger)                Turns: 1948, Time: 00:00:46

Health: -2/26      AC:  6    Str: 11    XL:     4   Next: 1%
Magic:  5/5        EV: 11    Int: 14    God:
Gold:   117        SH:  0    Dex: 14    Spells: 4/5 levels left

rFire   . . .        Y - +1 sling
rCold   . . .        (no shield)
rNeg    + . .        e - +0 leather armour
rPois   inf          (no helmet)
rElec   +            (no cloak)
rCorr   .            (no gloves)
SInv    .            (no boots)
Will    .....        (no amulet)
Stlth   +            (no ring)
HPRegen 0.24/turn    (no ring)
MPRegen 0.09/turn

%: no passive effects
@: no status effects
A: sickness immunity, AC +3, negative energy resistance 1, electricity
resistance, torment resistance 1, petrification resistance
a: no special abilities


You were on level 3 of the Dungeon.
You visited 1 branch of the dungeon, and saw 3 of its levels.

You collected 117 gold pieces.


Innate Abilities, Weirdness & Mutations

You are immune to sickness and miasma.
Your stone body is resilient. (AC +3)
You are immune to poison.
You resist negative energy. (rN+)
You are resistant to electric shocks. (rElec)
You are resistant to unholy torment.
You are immune to petrification.


   Skills:
 - Level 2.0 Fighting
 + Level 3.8 Ranged Weapons
 - Level 1.5 Dodging
 - Level 1.0 Spellcasting
 - Level 2.6 Hexes


You had 4 spell levels left.
You knew the following spells:

 Your Spells              Type           Power      Damage    Failure   Level
a - Slow                  Hex            32%        N/A       12%         1

Your spell library contained the following spells:

 Spells                   Type           Power      Damage    Failure   Level
 Inner Flame              Hex/Fire       4%         N/A       52%         3
 Portal Projectile        Hex/Tloc       8%         N/A       52%         3
 Cause Fear               Hex            4%         N/A       75%         4

Inventory:

Hand Weapons
 Y - a +1 sling (weapon)
Armour
 e - a +0 leather armour (worn)
Scrolls
 f - 2 scrolls of identify
Potions
 a - a potion of enlightenment {unknown}
 b - a potion of heal wounds {unknown}
 c - a potion of attraction {unknown}
 d - 2 potions of curing
 h - a potion of degeneration {unknown}

Dungeon Overview and Level Annotations

Branches:
Dungeon (3/15)

Altars:
Elyvilon

Annotations:
D:3 Grinder


Message History

Pain shoots through your body!
You can move again.
You shoot a sling bullet.
The sling bullet closely misses Grinder.
Grinder misses you.
You shoot a sling bullet.
The sling bullet closely misses Grinder.
Grinder barely misses you.
You shoot a sling bullet.
The sling bullet hits Grinder but does no damage.
Grinder blinks!
1931 ||| FLEEEEING.
1932 ||| STILL FLEEEEING.
1933 ||| STILL FLEEEEING.
Enter note:
Enter note:
1934 ||| STILL FLEEEEING.
1935 ||| STILL FLEEEEING.
1936 ||| STILL FLEEEEING.
1937 ||| STILL FLEEEEING.
1938 ||| STILL FLEEEEING.
1939 ||| STILL FLEEEEING.
1940 ||| STILL FLEEEEING.
You start resting.
Grinder is nearby!
You shoot a sling bullet. The sling bullet hits Grinder.
Grinder is lightly wounded.
You shoot a sling bullet. The sling bullet hits Grinder.
Grinder is lightly wounded.
You shoot a sling bullet. The sling bullet barely misses Grinder.
Grinder hits you.
You writhe in agony.
You shoot a sling bullet. The sling bullet hits Grinder.
Grinder is lightly wounded.
Grinder closely misses you.
You shoot a sling bullet.
The sling bullet hits Grinder but does no damage.
Grinder is lightly wounded.
Grinder gestures at you. Pain shoots through your body! Grinder hits you!
You die...

#...# #.#.... #...# #######
#.#.... #...# #.....##### #.#....
##...# #.###.#...# #.#....
.....#####%#.#.#.).########.#####
.....'......<..'...'........
.....#...#.#+#.#...########+#.#
######)..#.....#...# #...$....#
.....'...#.....#@..# #.##ยค..$.#
######...#.....#.5.# #.# ....$#
#...#.....#...###.# .....#
#...#.#+#.#..(....# .....#
#...#.# #.###.%...# .....# #...#
#.....# .....# ##'## #.....#
####5# #####.# #.#


You could see Grinder.

Vanquished Creatures
  2 worms
  4 endoplasms
  4 giant cockroaches
  7 goblins
  4 hobgoblins
  4 quokkas
  5 ball pythons
  8 bats
  2 frilled lizards (D:2)
  3 kobolds
  2 rats (D:2)
45 creatures vanquished.

Notes
Turn   | Place    | Note
-------+----------+-------------------------------------------
     0 | D:1      | qw the Gargoyle Hexslinger began the quest for the Orb.
     0 | D:1      | Reached XP level 1. HP: 12/12 MP: 2/2
     0 | D:1      | 0 ||| qw: Version: 0.3-a-52-g30416fa
     0 | D:1      | 0 ||| qw: Game counter: 7396
     0 | D:1      | 0 ||| qw: Melee chars always use a shield: true
     0 | D:1      | 0 ||| qw: God list: Okawaru
     0 | D:1      | 0 ||| qw: Allow faded altars: false
     0 | D:1      | 0 ||| qw: Do Orc after clearing Dungeon:15 true
     0 | D:1      | 0 ||| qw: Do second Lair branch before Depths: true
     0 | D:1      | 0 ||| qw: Lair rune preference: random
     0 | D:1      | 0 ||| qw: Goals: Normal
     0 | D:1      | 0 ||| PLANNING D:1-11
   215 | D:1      | Found a faded altar of an unknown god.
   304 | D:1      | Reached XP level 2. HP: 16/16 MP: 3/3
   478 | D:1      | Reached skill level 3 in Ranged Weapons
   664 | D:1      | 664 ||| UPGRADING to +0 leather armour.
   674 | D:1      | 674 ||| DROPPING +0 robe.
   675 | D:1      | 675 ||| READING scroll labelled UGULIO ZEKE.
   676 | D:1      | 676 ||| READING scroll labelled RUIM WO LEASEZ.
   688 | D:1      | 688 ||| READING scroll labelled JOESI HAUSK.
   689 | D:1      | 689 ||| DROPPING scroll of poison.
   808 | D:2      | Reached XP level 3. HP: 21/21 MP: 4/4
   836 | D:2      | HP: 5/21 [worm (5)]
   956 | D:2      | You fall into a shaft and drop 1 floor!
   958 | D:3      | 958 ||| READING scroll labelled OLAOHA XOTI.
   959 | D:3      | 959 ||| READING scroll labelled AMAECI MUPUIK.
  1088 | D:2      | Found a white marble altar of Elyvilon.
  1633 | D:2      | 1633 ||| READING scroll labelled TIKOLLOEPS.
  1634 | D:2      | 1634 ||| DRINKING 3 puce potions.
  1635 | D:2      | 1635 ||| DRINKING 2 golden potions.
  1636 | D:2      | 1636 ||| DROPPING potion of brilliance.
  1750 | D:3      | HP: 5/21 [worm (6)]
  1751 | D:3      | HP: 1/21 [worm (4)]
  1865 | D:3      | Reached XP level 4. HP: 14/26 MP: 5/5
  1918 | D:3      | Noticed Grinder
  1923 | D:3      | Paralysed by Grinder for 5 turns
  1931 | D:3      | 1931 ||| FLEEEEING.
  1948 | D:3      | HP: 6/26 [Grinder/nerve-wracking pain (4)]
  1948 | D:3      | Slain by Grinder

Levels and vault maps discovered:
D:1:      tarquinn_simple_flora_water_d, layout_loops_ring,
          ebering_ecumenical_altar_mist
D:2:      minmay_skewed_foursquare, layout_basic, basic_altar
D:3:      layout_basic, mainiacjoe_overflow_paths, chequers_avenue,
          uniq_grinder, uniq_natasha, uniq_jessica

Skill      XL: |  1  2 |
---------------+-------+-----
Ranged Weapons | 3 |  3.8
Fighting       | 2 |  2.0
Dodging        | |  1.5
Spellcasting   | |  1.0
Hexes          | |  2.6

Action                     |  1- 3 |  4- 6 || total
---------------------------+-------+-------++-------
   Fire: Sling             |   173 |    10 ||   183
    Use: Scroll            |     6 |       ||     6
         Potion            |     2 |       ||     2
 Armour: Robe              |    12 |       ||    12
         Leather armour    |    30 |     1 ||    31
  Dodge: Dodged            |    63 |     3 ||    66

Table legend:
 A = Non-vault XP
 B = Vault XP
 C = Vault XP percentage of total XP
 D = Non-vault monster count
 E = Vault monster count
 F = Vault count percentage of total count
                 A         B        C        D         E       F
            +---------+---------+-------+---------+---------+-------
      Total |      61 |      22 |  26.5 |      34 |      11 |  24.4
            +---------+---------+-------+---------+---------+-------
        D:1 |      23 |       0 |   0.0 |      15 |       0 |   0.0
        D:2 |      14 |      22 |  61.1 |       8 |      11 |  57.9
        D:3 |      24 |       0 |   0.0 |      11 |       0 |   0.0
            +---------+---------+-------+---------+---------+-------
